 Dungeon Crawl Stone Soup version 0.31.0-11-ge490571c62 (webtiles) character file.

Game seed: 11717359327903992769

194 qw the Skirmisher (level 5, -5/30 HPs)
             Began as a Deep Elf Hunter on Feb 4, 2024.
             Slain by an ogre
             ... wielding a +0 giant club
              (8 damage)
             ... on level 4 of the Dungeon.
             The game lasted 00:00:06 (1773 turns).

qw the Skirmisher (Deep Elf Hunter)                 Turns: 1773, Time: 00:00:06

Health: -5/30      AC:  7    Str: 10    XL:     5   Next: 44%
Magic:  7/7        EV: 11    Int: 14    God:
Gold:   263        SH:  0    Dex: 18    Spells: 4/4 levels left

rFire   . . .        a - +0 shortbow
rCold   . . .        (shield currently unavailable)
rNeg    . . .        f - +2 ring mail
rPois   .            (no helmet)
rElec   .            (no cloak)
rCorr   .            (no gloves)
SInv    .            (no boots)
Will    .....        (no amulet)
Stlth   +            (no ring)
HPRegen 0.25/turn    (no ring)
MPRegen 0.10/turn

%: no passive effects
@: no status effects
A: no striking features
a: no special abilities


You were on level 4 of the Dungeon.
You visited 1 branch of the dungeon, and saw 5 of its levels.

You collected 263 gold pieces.


   Skills:
 + Level 2.0 Fighting
 - Level 13.2 Ranged Weapons
 - Level 1.0 Armour
 - Level 3.0 Dodging
 - Level 1.2 Stealth


You had 4 spell levels left.
You didn't know any spells.
Your spell library was empty.

Inventory:

Hand Weapons
 a - a +0 shortbow (weapon)
Armour
 f - a +2 ring mail (worn)
Wands
 h - a wand of digging (5)
Potions
 e - a potion of enlightenment
 i - a potion of degeneration {unknown}
 j - a potion of haste {unknown}

Dungeon Overview and Level Annotations

Branches:
Dungeon (5/15)
 Temple: D:4-7

Altars:
Wu Jian


Message History

Wisps of shadow whirl around you...
It was a scroll of summoning.
What level of the Dungeon? (default 3, ? - help)
You swap places.
You swap places.
An ogre and an iguana come into view.
You shoot an arrow. The arrow hits the iguana.
The iguana hisses angrily.
The iguana is moderately wounded.
The ogre shouts!
You hear a shout!
You shoot an arrow. The arrow barely misses the iguana.
You shoot an arrow. The arrow closely misses the iguana.
You shoot an arrow. The arrow hits the iguana.
The iguana is heavily wounded.
You shoot an arrow. The arrow hits the iguana!
You kill the iguana!
Your Armour skill increases to level 1!
What level of the Dungeon? (default 4, ? - help)
There is a stone staircase leading up here.
You shoot an arrow. The arrow hits the ogre.
The ogre is lightly wounded.
An orc priest comes into view. It is wielding a +0 whip.
1767 ||| STAIRDANCE The ogre barely misses you.
You climb upwards.
Your summoned ally is left behind.
Found a stone staircase leading up.
There is a stone staircase leading down here.
Waypoint 4 assigned to D:4.
You shoot an arrow. The arrow hits the ogre.
The ogre is moderately wounded.
You shoot an arrow. The arrow hits the ogre!
The ogre is heavily wounded.
The ogre hits you with a +0 giant club!
You shoot an arrow. The arrow hits the ogre.
The ogre is severely wounded.
You shoot an arrow. The arrow barely misses the ogre.
The ogre hits you with a +0 giant club!
You shoot an arrow.
The arrow hits the ogre but does no damage.
The ogre is severely wounded.
The ogre hits you with a +0 giant club!
You die...

## ##.
###...
.....
#...#
#...##
#...O#
#..<@#
#.##.#
#.#
...
#.#
#.#
#.#
..#


You could see an ogre.

Vanquished Creatures
  2 iguanas (D:5)
  4 gnolls (D:3)
  2 adders (D:2)
  A ribbon worm (D:2)
  A dart slug (D:3)
  6 endoplasms
  2 hobgoblins
  5 kobolds
  5 quokkas
  3 ball pythons
  4 bats (D:1)
  3 frilled lizards
  6 goblins
  5 rats
49 creatures vanquished.

Notes
Turn   | Place    | Note
-------+----------+-------------------------------------------
     0 | D:1      | qw the Deep Elf Hunter began the quest for the Orb.
     0 | D:1      | Reached XP level 1. HP: 12/12 MP: 3/3
     0 | D:1      | 0 ||| qw: Version: 0.3-a-160-g6735b56
     0 | D:1      | 0 ||| qw: Game counter: 4501
     0 | D:1      | 0 ||| qw: Melee chars always use a shield: true
     0 | D:1      | 0 ||| qw: God list: Okawaru
     0 | D:1      | 0 ||| qw: Allow faded altars: false
     0 | D:1      | 0 ||| qw: Do Orc after clearing Dungeon:15 true
     0 | D:1      | 0 ||| qw: Do second Lair branch before Depths: true
     0 | D:1      | 0 ||| qw: Lair rune preference: random
     0 | D:1      | 0 ||| qw: Goals: Normal
     0 | D:1      | 0 ||| PLANNING D:1-11
   260 | D:1      | Reached XP level 2. HP: 16/16 MP: 4/4
   311 | D:1      | Reached skill level 6 in Ranged Weapons
   933 | D:1      | 933 ||| UPGRADING to +0 ring mail.
   943 | D:1      | 943 ||| DROPPING +0 leather armour.
   944 | D:1      | 944 ||| READING scroll labelled BERAAN GOURRUT.
   944 | D:1      | 944 ||| IDENTIFYING grey potion
   945 | D:1      | 945 ||| DRINKING potion of experience.
   945 | D:1      | Reached skill level 13 in Ranged Weapons
   945 | D:1      | Reached XP level 3. HP: 20/20 MP: 5/5
   946 | D:1      | 946 ||| READING scroll labelled UMUFACH PEIX.
  1047 | D:1      | 1047 ||| DROPPING scroll of butterflies.
  1122 | D:2      | Reached XP level 4. HP: 26/26 MP: 6/6
  1498 | D:2      | 1498 ||| READING 2 scrolls labelled EMAN ACUCLAGU.
  1499 | D:2      | 1499 ||| READING scroll labelled BUIGGEMALLU.
  1500 | D:2      | 1500 ||| READING scroll labelled OSA SAKEPANIU.
  1503 | D:2      | 1503 ||| READING scroll labelled XEODIG MIOXZUBB.
  1503 | D:2      | 1503 ||| ENCHANTING +0 ring mail.
  1504 | D:2      | 1504 ||| DROPPING scroll of noise.
  1657 | D:3      | Reached XP level 5. HP: 30/30 MP: 7/7
  1679 | D:3      | Reached skill level 3 in Dodging
  1696 | D:3      | 1696 ||| READING scroll of enchant armour.
  1696 | D:3      | 1696 ||| ENCHANTING +1 ring mail.
  1700 | D:3      | You fall into a shaft and drop 2 floors!
  1700 | D:5      | Entered Level 5 of the Dungeon
  1713 | D:5      | Found an ornate altar of the Wu Jian Council.
  1752 | D:5      | 1752 ||| READING scroll of identify.
  1752 | D:5      | 1752 ||| IDENTIFYING murky orange potion
  1753 | D:5      | 1753 ||| READING scroll labelled ICEACR KUFAGG.
  1759 | D:5      | Noticed an ogre
  1765 | D:5      | Reached skill level 1 in Armour
  1767 | D:5      | 1767 ||| STAIRDANCE
  1772 | D:4      | HP: 3/30 [ogre/+0 giant club (14)]
  1773 | D:4      | Slain by an ogre

Levels and vault maps discovered:
D:1:      grunt_arrival_lava_bath, layout_basic
D:2:      layout_rooms
D:3:      layout_loops_ring, fedhas_altar_1, hellmonk_ecumenical_altar_lost_god
D:4:      minmay_chambers_of_fours, layout_loops_corners, uniq_sigmund
D:5:      layout_basic, amcnicky_altar_gilded, nemelex_dance_club_becter

Skill      XL: |  1  2  3  4  5 |
---------------+----------------+-----
Ranged Weapons | 13 | 13.2
Fighting       | 2 |  2.0
Dodging        | 3 |  3.0
Armour         | 1 |  1.0
Stealth        | |  1.2

Action                     |  1- 3 |  4- 6 || total
---------------------------+-------+-------++-------
   Fire: Shortbow          |    64 |    85 ||   149
    Use: Scroll            |     2 |     7 ||     9
         Potion            |     1 |       ||     1
 Armour: Leather armour    |     8 |       ||     8
         Ring mail         |     1 |     6 ||     7
  Dodge: Dodged            |    16 |     7 ||    23

Table legend:
 A = Non-vault XP
 B = Vault XP
 C = Vault XP percentage of total XP
 D = Non-vault monster count
 E = Vault monster count
 F = Vault count percentage of total count
                 A         B        C        D         E       F
            +---------+---------+-------+---------+---------+-------
      Total |     230 |       0 |   0.0 |      49 |       0 |   0.0
            +---------+---------+-------+---------+---------+-------
        D:1 |      33 |       0 |   0.0 |      20 |       0 |   0.0
        D:2 |      51 |       0 |   0.0 |      15 |       0 |   0.0
        D:3 |      74 |       0 |   0.0 |      12 |       0 |   0.0
        D:5 |      72 |       0 |   0.0 |       2 |       0 |   0.0
            +---------+---------+-------+---------+---------+-------
